 Dungeon Crawl Stone Soup version 0.23.2-1-ga50397a6bc (console) character file.

Game seed: 14251483877891225388

15648 Dragon00 the Cleaver (level 12, -2/115 HPs)
             Began as a Minotaur Berserker on May 14, 2019.
             Was a High Priest of Trog.
             Slain by an ancient zyme (6 damage)
             ... on level 2 of the Abyss.
             The game lasted 02:10:30 (13298 turns).

Dragon00 the Cleaver (Minotaur Berserker)          Turns: 13298, Time: 02:10:31

Health: -2/115     AC:  4    Str: 22    XL:     12   Next: 3%
Magic:  11/11      EV: 12    Int:  4    God:    Trog [*****.]
Gold:   679        SH:  0    Dex: 15    Spells: 11/11 levels left

rFire    . . .     SeeInvis .   a - +2 battleaxe
rCold    . . .     Gourm    .   (shield currently unavailable)
rNeg     + . .     Faith    .   B - +0 plate armour
rPois    .         Spirit   .   (helmet restricted)
rElec    .         Reflect  .   (no cloak)
rCorr    .         Harm     .   k - +1 pair of gloves
MR       +....                  r - +2 pair of boots
Stlth    ..........             (no amulet)
HPRegen  0.29/turn              i - ring of protection from magic
MPRegen  0.12/turn              D - ring of positive energy

@: corroded
A: retaliatory headbutt, horns 2
a: Berserk, Trog's Hand, Brothers in Arms, Renounce Religion


You were on level 2 of the Abyss.
You worshipped Trog.
Trog was extremely pleased with you.
You were not hungry.

You visited 2 branches of the dungeon, and saw 15 of its levels.
You visited the Abyss 1 time.

You collected 679 gold pieces.

Inventory:

Hand Weapons
 a - a +2 battleaxe (weapon)
 b - a +0 hunting sling
 e - a +2 broad axe of venom
 f - a +0 morningstar
Missiles
 g - 2 tomahawks of dispersal
 m - 263 stones (quivered)
 o - 93 sling bullets
Armour
 k - a +1 pair of gloves (worn)
 r - a +2 pair of boots (worn)
 B - a +0 plate armour (worn)
Jewellery
 i - a ring of protection from magic (left hand)
 t - an uncursed ring of ice
 D - a ring of positive energy (right hand)
Wands
 p - a wand of enslavement (6)
 y - a wand of paralysis (6)
 z - a wand of acid (4)
 C - a wand of iceblast (9)
Scrolls
 d - 2 scrolls of magic mapping
 h - 2 scrolls of teleportation
 j - a scroll of immolation
 l - 10 scrolls of remove curse
 s - 5 scrolls of identify
 w - a scroll of random uselessness
 x - 2 scrolls of enchant weapon
 G - a scroll of enchant armour
Potions
 n - 2 potions of heal wounds
 q - 2 potions of curing
 u - a potion of flight
 v - 2 potions of ambrosia
 A - 2 potions of lignification
Comestibles
 c - 18 rations
 E - 17 chunks of flesh


   Skills:
 * Level 13.3 Fighting
 * Level 13.3 Axes
 + Level 10.4 Armour
 + Level 9.5 Dodging


You had 11 spell levels left.
You didn't know any spells.
Your spell library was empty.

Dungeon Overview and Level Annotations

Branches:
Dungeon (14/15)            Temple (1/1) D:7            Lair (0/6) D:10
    Orc (0/2) D:10
 Vaults: D:13-14

Altars:
Ashenzari
Cheibriados
Dithmenos
Elyvilon
Fedhas
Gozag
Hepliaklqana
Kikubaaqudgha
Makhleb
Nemelex Xobeh
Okawaru
Qazlal
Ru
Sif Muna
Trog
Uskayaw
Vehumet
Wu Jian
Xom
Yredelemnul
Zin
The Shining One

Shops:
D:6 %[:?}   D:9 [(=

Annotations:
D:11 Sonja


Innate Abilities, Weirdness & Mutations

You reflexively headbutt those who attack you in melee.
You have a pair of horns on your head.


Message History

You headbutt the ancient zyme, but do no damage.
The ancient zyme is severely damaged.
The ancient zyme hits you.
* * * LOW HITPOINT WARNING * * *
The ancient zyme hits you!
* * * LOW HITPOINT WARNING * * *
You feel ill.
You hit the ancient zyme but do no damage.
The ancient zyme is severely damaged.
The ancient zyme hits you.
* * * LOW HITPOINT WARNING * * *
The ancient zyme completely misses you.
You hit the ancient zyme. Your headbutt misses the ancient zyme.
The ancient zyme is almost destroyed.
The ancient zyme barely misses you. The ancient zyme hits you!
* * * LOW HITPOINT WARNING * * *
You feel better. The ancient zyme hits you.
* * * LOW HITPOINT WARNING * * *
The ancient zyme hits you.
You die...

. (.# .. . #(
.. #(# .#
#..# .# #
#..###.#..#
#.x.......
#.@..(#..
#.........(.
#∩...#...#..
#.(......#
#).#..[...#..
#.####.#.##.#
#.# . .. . .
.. .#


You could see an ancient zyme.

Vanquished Creatures
  A hydra (D:11)
  2 two-headed ogres
  Erica (D:8)
  2 unseen horrors
  A harpy (shapeshifter) (D:14)
  2 cyclopes (D:11)
  A rust devil (Abyss:2)
  A gargoyle (D:9)
  A rime drake (shapeshifter) (D:14)
  2 kobold demonologists (D:10)
  2 trolls
  A hippogriff (D:10)
  3 yaks (D:12)
  A wyvern (D:9)
  Sigmund (D:4)
  Grum (D:10)
  A vampire mosquito (D:14)
  Menkaure (D:5)
  A two-headed ogre zombie (D:10)
  Edmund (D:6)
  4 porcupines (D:10)
  5 orc warriors
  2 sky beasts
  2 ice beasts
  3 phantoms
  6 centaurs
  3 ogres
  4 wolves (D:10)
  3 small abominations (Abyss:2)
  5 big kobolds
  5 bullfrogs
  5 scorpions
  A wyvern skeleton (D:14)
  2 troll zombies (D:10)
  5 killer bees (D:9)
  15 wights
  2 howler monkeys
  2 bullfrog zombies
  A quasit (D:10)
  6 crimson imps
  9 orc priests
  11 hounds
  7 jellies
  3 bullfrog skeletons
  A centaur zombie (D:6)
  A centaur skeleton (D:6)
  9 orc wizards
  An iron imp (D:7)
  5 iguanas
  10 worker ants
  4 ogre zombies (D:10)
  2 hound zombies
  A hound skeleton (D:4)
  A worker ant zombie (D:11)
  Robin (D:2)
  13 adders
  6 shadow imps
  6 oozes
  A worm (D:6)
  5 dart slugs
  5 leopard geckos
  61 orcs
  4 giant cockroaches
  5 hobgoblins
  11 jackals
  12 kobolds
  2 quokkas
  4 ball pythons
  6 bats
  4 frilled lizards
  13 goblins
  2 goblin skeletons (D:10)
  3 goblin zombies (D:10)
  4 hobgoblin zombies (D:10)
  3 orc skeletons (D:10)
  10 orc zombies (D:10)
  3 quokka skeletons
  3 rats
  A fungus (D:10)
  A plant (D:10)
362 creatures vanquished.

Vanquished Creatures (collateral kills)
  A troll (D:10)
  3 hungry ghosts (D:10)
  A bullfrog (D:10)
  A troll zombie (D:10)
  A goblin zombie (D:10)
  2 orc zombies (D:10)
9 creatures vanquished.

Vanquished Creatures (others)
  2 fungi (D:10)
2 creatures vanquished.

Grand Total: 373 creatures vanquished

Notes
Turn   | Place    | Note
-------+----------+-------------------------------------------
     0 | D:1      | Dragon00 the Minotaur Berserker began the quest for the
                  | Orb.
     0 | D:1      | Reached XP level 1. HP: 19/19 MP: 0/0
   476 | D:1      | Reached XP level 2. HP: 27/27 MP: 1/1
  1243 | D:2      | Found a shadowy altar of Dithmenos.
  1361 | D:2      | Reached XP level 3. HP: 18/33 MP: 2/2
  1684 | D:2      | Found a shimmering altar of Xom.
  1861 | D:2      | Noticed Robin
  1864 | D:2      | Reached ** piety under Trog
  1885 | D:2      | Killed Robin
  1885 | D:2      | Reached XP level 4. HP: 30/41 MP: 3/3
  2217 | D:3      | Found an ornate altar of the Wu Jian Council.
  2275 | D:3      | Found a faded altar of an unknown god.
  2397 | D:3      | Reached XP level 5. HP: 47/47 MP: 4/4
  2651 | D:3      | Reached *** piety under Trog
  2768 | D:4      | Reached skill level 5 in Axes
  2939 | D:4      | Reached skill level 5 in Fighting
  2957 | D:4      | Reached XP level 6. HP: 27/56 MP: 5/5
  3013 | D:4      | Found an opulent altar of Gozag.
  3225 | D:4      | Noticed Sigmund
  3237 | D:4      | Killed Sigmund
  3470 | D:4      | Noticed an orc warrior
  3476 | D:4      | Reached skill level 5 in Armour
  3478 | D:4      | Reached XP level 7. HP: 53/62 MP: 6/6
  3773 | D:4      | Reached skill level 5 in Dodging
  3794 | D:4      | Found a sacrificial altar of Ru.
  3902 | D:4      | Found an ancient bone altar of Kikubaaqudgha.
  3903 | D:4      | Found a blossoming altar of Fedhas.
  4661 | D:5      | Entered Level 5 of the Dungeon
  4739 | D:5      | Reached XP level 8. HP: 69/71 MP: 7/7
  4966 | D:5      | Reached **** piety under Trog
  5076 | D:5      | Noticed Menkaure
  5086 | D:5      | Killed Menkaure
  5609 | D:5      | Found a shattered altar of Ashenzari.
  6069 | D:6      | Found Aveng's Antique Armour Boutique.
  6070 | D:6      | Found Honaz's Magic Scroll Boutique.
  6079 | D:6      | Found Qeusm's Food Boutique.
  6079 | D:6      | Found Wyamifru's Book Boutique.
  6291 | D:6      | Found Xenadif's Gadget Boutique.
  6305 | D:6      | Noticed Edmund
  6315 | D:6      | Killed Edmund
  6502 | D:6      | Reached XP level 9. HP: 82/82 MP: 8/8
  6688 | D:6      | Found a sparkling altar of Nemelex Xobeh.
  6762 | D:7      | Found a staircase to the Ecumenical Temple.
  6832 | D:7      | Found a snail-covered altar of Cheibriados.
  7299 | Temple   | Entered the Ecumenical Temple
  7671 | D:8      | Noticed Erica
  7687 | D:8      | Killed Erica
  7927 | D:8      | Reached skill level 10 in Axes
  8019 | D:8      | Reached skill level 10 in Fighting
  8225 | D:8      | Found a glowing golden altar of the Shining One.
  8401 | D:9      | Noticed a troll
  8406 | D:9      | Killed a troll
  8406 | D:9      | Reached XP level 10. HP: 77/93 MP: 9/9
  8688 | D:9      | Reached ***** piety under Trog
  8715 | D:9      | Noticed a gargoyle
  8729 | D:9      | Killed a gargoyle
  9265 | D:9      | Noticed a two-headed ogre
  9278 | D:9      | Killed a two-headed ogre
  9416 | D:9      | Found Fudiybia's Antique Armour Shoppe.
  9461 | D:9      | Found Suvustem's Antique Weapon Shop.
  9502 | D:9      | Found Ownokkou's Jewellery Emporium.
  9808 | D:10     | Entered Level 10 of the Dungeon
  9844 | D:10     | Received a gift from Trog
 10099 | D:10     | Found a staircase to the Orcish Mines.
 10497 | D:10     | Reached XP level 11. HP: 86/104 MP: 10/10
 10615 | D:10     | Found a staircase to the Lair.
 10875 | D:10     | Noticed Grum
 10888 | D:10     | Killed Grum
 11278 | D:10     | Received a gift from Trog
 11534 | D:11     | Killed an unseen horror
 11575 | D:11     | Noticed a four-headed hydra
 11685 | D:11     | Killed a four-headed hydra
 12370 | D:11     | Noticed Sonja
 12603 | D:11     | You fall through a shaft for 3 floors!
 12610 | D:14     | Noticed a harpy
 12628 | D:14     | Killed a harpy
 12628 | D:14     | Reached skill level 10 in Armour
 12892 | D:14     | Killed an unseen horror
 12968 | D:13     | Noticed a two-headed ogre
 12979 | D:13     | Killed a two-headed ogre
 12990 | D:13     | Noticed a deep elf mage
 13189 | D:12     | Noticed a catoblepas
 13189 | D:12     | Noticed a catoblepas
 13200 | D:11     | Cast into level 2 of the Abyss (Sonja)
 13260 | Abyss:2  | Reached XP level 12. HP: 61/115 MP: 11/11
 13297 | Abyss:2  | HP: 1/115 [ancient zyme (11)]
 13298 | Abyss:2  | Slain by an ancient zyme

Skill      XL: |  1  2  3  4  5  6  7  8  9 10 11 |
---------------+----------------------------------+-----
Fighting       | 4 5 6 8 10 11 13 | 13.3
Axes           | 4 5 6 8 10 11 13 | 13.3
Armour         | 3 4 5 6 7 8 9 10 | 10.4
Dodging        | 3 4 5 6 7 8 9 |  9.5

Action                   |  1- 3 |  4- 6 |  7- 9 | 10-12 || total
-------------------------+-------+-------+-------+-------++-------
Melee: Hand axe          |    83 |    98 |    46 |       ||   227
       Headbutt          |    12 |    17 |    58 |    83 ||   170
       War axe           |       |       |   206 |    24 ||   230
       Battleaxe         |       |       |       |   366 ||   366
       Morningstar       |       |       |       |     8 ||     8
 Fire: Hunting sling     |       |    41 |   117 |   115 ||   273
Throw: Tomahawk          |     1 |       |       |       ||     1
       Stone             |     9 |     3 |     1 |     5 ||    18
Invok: Berserk           |     2 |     2 |     2 |    11 ||    17
       Trog's Hand       |       |     1 |     1 |     1 ||     3
       Brothers in Arms  |       |       |       |     1 ||     1
  Use: Potion            |     2 |       |     4 |     5 ||    11
       Scroll            |     1 |     2 |    13 |     3 ||    19
  Eat: Chunk             |     4 |     7 |    19 |    22 ||    52
       Ration            |       |       |       |     2 ||     2
Armor: Animal skin       |     4 |       |       |       ||     4
       Ring mail         |    12 |     3 |       |       ||    15
       Scale mail        |       |    44 |    87 |    52 ||   183
       Plate armour      |       |       |       |   165 ||   165
Dodge: Dodged            |    49 |    74 |   144 |   259 ||   526
